 Dungeon Crawl Stone Soup version 0.28-a0-1033-g1a2f33fa85 (webtiles) character file.

Game seed: 17661316597707954679

55559 mcbry74 the Severer (level 14, -6/93 HPs)
             Began as a Hill Orc Fighter on Dec 7, 2021.
             Was a High Priest of Beogh.
             Mangled by a skeletal warrior (21 damage)
             ... led by a death knight
             ... on level 13 of the Dungeon.
             The game lasted 02:09:39 (21590 turns).

mcbry74 the Severer (Hill Orc Fighter)             Turns: 21590, Time: 02:09:39

Health: -6/93      AC: 16    Str: 28    XL:     14   Next: 77%
Magic:  14/14      EV: 10    Int:  6    God:    Beogh [*****.]
Gold:   970        SH:  6    Dex: 15    Spells: 13/13 levels left

rFire   + + +      SeeInvis .   w - +5 flail (holy)
rCold   + . .      Faith    .   c - +0 buckler
rNeg    + + .      Spirit   .   u - +0 swamp dragon scales
rPois   +          Reflect  .   x - +0 helmet of Dawn {rC+ Dex+5}
rElec   +          Harm     .   l - +0 cloak
rCorr   .          Rampage  .   X - +0 pair of gloves
Will    +....                   Q - +0 pair of boots
Stlth   +.........              g - amulet of regeneration
HPRegen 1.05/turn               B - ring "Pirovoag" {Fly rElec rF+++ rC- Str-4}
MPRegen 0.14/turn               L - ring of Itreifil {Fly rC+ rN++ MP-9 Str+8}

@: flying
A: walk on water, dopey 1, frail 1
a: Renounce Religion, Smiting, Recall Orcish Followers, Give Item to Named
Follower


You were on level 13 of the Dungeon.
You worshipped Beogh.
Beogh was extremely pleased with you.
You visited 2 branches of the dungeon, and saw 19 of its levels.
You visited the Abyss 1 time.
You also visited: Sewer.

You collected 1318 gold pieces.
You spent 348 gold pieces at shops.

Inventory:

Hand Weapons
 t - the +7 spear of Ubiquitous Guilt {drain, rElec Dex+3}
   (You found it on level 4 of the Dungeon)

   A truly terrible weapon, it drains the life of any living foe it strikes.
   Dex:       It affects your dexterity (+3).
   rElec:     It insulates you from electricity.
 v - the +8 whip of the Thirsty Queens {flame, Will+ Int+3}
   (You found it on level 4 of the Lair of Beasts)

   It burns those it strikes, dealing additional fire damage.
   Int:       It affects your intelligence (+3).
   Will:      It increases your willpower.
 w - a +5 flail of holy wrath (weapon)
Missiles
 o - 65 poisoned darts
 r - 5 boomerangs (quivered)
 D - 5 silver javelins
 I - 3 throwing nets
Armour
 b - +2 steam dragon scales
 c - a +0 buckler (worn)
 f - +0 fire dragon scales
 l - a +0 cloak (worn)
 u - +0 swamp dragon scales (worn)
 x - the +0 helmet of Dawn (worn) {rC+ Dex+5}
   (You bought it in a shop on level 8 of the Dungeon)

   Dex:       It affects your dexterity (+5).
   rC:        It protects you from cold.
 Q - a +0 pair of boots (worn)
 X - a +0 pair of gloves (worn)
Jewellery
 a - a ring of wizardry
 g - an amulet of regeneration (around neck)
 B - the ring "Pirovoag" (left hand) {Fly rElec rF+++ rC- Str-4}
   (You found it on level 6 of the Dungeon)

   [ring of flight]

   Str:       It affects your strength (-4).
   rF:        It renders you almost immune to fire.
   rC:        It makes you vulnerable to cold.
   rElec:     It insulates you from electricity.
   Fly:       It grants you flight.
 H - a +4 ring of protection
 L - the ring of Itreifil (right hand) {Fly rC+ rN++ MP-9 Str+8}
   (You acquired it on level 10 of the Dungeon)

   [ring of protection from cold]

   Str:       It affects your strength (+8).
   rC:        It protects you from cold.
   rN:        It greatly protects you from negative energy.
   MP:        It affects your magic capacity (-9).
   Fly:       It grants you flight.
 M - a ring of positive energy
 Z - a ring of ice
Wands
 q - a wand of digging (10)
 C - a wand of iceblast (24)
 J - a wand of paralysis (4)
 N - a wand of flame (42)
 P - a wand of charming (7)
 V - a wand of acid (4)
 W - a wand of polymorph (13)
Scrolls
 e - 4 scrolls of blinking
 h - 5 scrolls of fear
 i - a scroll of identify
 j - 10 scrolls of magic mapping
 n - 2 scrolls of fog
 s - 7 scrolls of teleportation
 y - a scroll of enchant armour
 F - a scroll of silence {unknown}
Potions
 d - 3 potions of might
 k - a potion of attraction {unknown}
 m - 2 potions of heal wounds
 p - 7 potions of curing
 z - 6 potions of mutation
 A - 2 potions of brilliance
 E - 2 potions of lignification {unknown}
 O - a potion of experience {unknown}
 R - a potion of invisibility
 S - 3 potions of cancellation
 U - 2 potions of berserk rage


   Skills:
 - Level 4.0 Fighting
 + Level 15.4(18.9) Axes
 - Level 11.3(13.9) Maces & Flails
 - Level 10.8(13.5) Polearms
 + Level 4.2 Throwing
 + Level 10.1 Armour
 - Level 8.8 Shields
 - Level 13.2 Invocations
 + Level 8.2 Evocations


You had 13 spell levels left.
You didn't know any spells.
Your spell library contained the following spells:

 Spells                   Type           Power      Damage    Failure   Level
 Magic Dart               Conj           0%         1d3       56%         1
 Shock                    Conj/Air       0%         1d3       56%         1
 Sting                    Tmut/Pois      0%         1d3       56%         1
 Call Imp                 Summ           0%         N/A       71%         2
 Ensorcelled Hibernation  Hex/Ice        0%         N/A       71%         2
 Passwall                 Tmut/Erth      0%         N/A       71%         2
 Poisonous Vapours        Pois/Air       0%         N/A       71%         2
 Scorch                   Fire           0%         2d5       71%         2
 Gell's Gravitas          Tloc           0%         N/A       90%         3
 Lesser Beckoning         Tloc           0%         N/A       90%         3
 Mephitic Cloud           Conj/Pois/Air  0%         N/A       90%         3
 Swiftness                Air            0%         N/A       90%         3
 Teleport Other           Tloc           0%         N/A       90%         3
 Tukima's Dance           Hex            0%         N/A       90%         3
 Airstrike                Air            0%         N/A       100%        4
 Flame Wave               Conj/Fire      0%         2d4       100%        4
 Leda's Liquefaction      Hex/Erth       0%         N/A       100%        4
 Olgreb's Toxic Radiance  Pois           0%         N/A       100%        4
 Passage of Golubria      Tloc           0%         N/A       100%        4
 Lee's Rapid Deconstruct  Erth           0%         3d5*      100%        5
 Summon Forest            Summ/Tloc      0%         N/A       100%        5
 Summon Mana Viper        Hex/Summ       0%         N/A       100%        5
 Yara's Violent Unravell  Hex/Tmut       0%         3d3       100%        5
 Conjure Ball Lightning   Conj/Air       0%         3x3d6     100%        6
 Dispersal                Tloc           0%         N/A       100%        6
 Statue Form              Tmut/Erth      0%         N/A       100%        6
 Summon Cactus Giant      Summ           0%         N/A       100%        6
 Discord                  Hex            0%         N/A       100%        8
 Disjunction              Tloc           0%         N/A       100%        8


Dungeon Overview and Level Annotations

Branches:
Dungeon (13/15)            Temple (0/1) D:7            Lair (6/6) D:10
 Shoals (0/4) Lair:3        Snake (0/4) Lair:3        Slime (0/5) Lair:6
    Orc (0/2) D:9           Sewer (visited)
 Vaults: D:13-14

Altars:
Cheibriados
Fedhas
Hepliaklqana
Kikubaaqudgha
Okawaru
Uskayaw
Vehumet
Wu Jian
Xom
Yredelemnul

Shops:
D:1 [   D:8 [   D:10 (   D:12 (


Innate Abilities, Weirdness & Mutations

You can walk on water.
You are dopey. (Int -2)
You are frail. (-10% HP)


Message History

The death knight hits Ognian with a +1 broad axe!
The death knight closely misses your orc high priest.
The skeletal warrior barely misses you.
The skeletal warrior hits you with a +0 glaive!
Your orc high priest barely misses the death knight.
Ognian hits the death knight with a +2 halberd of distortion.
Space warps horribly around the death knight!
You closely miss the skeletal warrior.
The skeletal warrior is lightly damaged.
The skeletal warrior hits you but does no damage.
The skeletal warrior barely misses you. The death knight barely misses you.
The death knight hits your sun demon with a +1 broad axe!
The death knight closely misses Ognian.
The death knight hits your orc high priest with a +1 broad axe.
You hit the skeletal warrior but do no damage.
The skeletal warrior is lightly damaged.
Your sun demon barely misses the death knight.
Your orc high priest hits the death knight but does no damage.
Ognian mumbles some strange prayers to Beogh against the death knight.
The death knight is smitten.
The skeletal warrior hits you but does no damage.
The death knight closely misses you.
The death knight hits your sun demon with a +1 broad axe!
The death knight hits Ognian with a +1 broad axe!!
The death knight hits your orc high priest with a +1 broad axe!
The skeletal warrior hits you but does no damage.
You closely miss the skeletal warrior.
The skeletal warrior is lightly damaged.
Your sun demon hits the death knight but does no damage.
Ognian hits the death knight but does no damage.
Space warps horribly around the death knight!
The death knight dies!
Beogh accepts your kill.
Beogh appreciates your killing of a heretic priest.
You sock the skeletal warrior!
The skeletal warrior convulses.
The skeletal warrior is moderately damaged.
The skeletal warrior hits you with a +0 glaive!!
* * * LOW HITPOINT WARNING * * *
The skeletal warrior hits you with a +0 flail!!
You die...

... ..>.. ... #...#
#.# #...# #.#
#...### #.# #......
.
#.########...#####..
#.#......3o.........
#..<....3o)z........
#.#.....4.@.....!...
#.########3z[#####..
#o# #....... #4#
#...#### #)# #...#
#######)# .....
........# .#...#.
..####### #.#......
#.#


You could see 2 skeletal warriors, a friendly orc high priest, the friendly
Ognian the orc high priest, 2 friendly sun demons, a friendly ice devil
(summoned) and a friendly smoke demon (summoned).

Vanquished Creatures
  Kirke (Lair:6)
  Harold (D:7)
  3 hydras
  2 boulder beetles
  A catoblepas (Lair:6)
  2 two-headed ogres
  A fire crab (Lair:5)
  4 skeletal warriors (D:12)
  3 ugly things (D:12)
  2 cyclopes
  A manticore (D:11)
  2 black mambas
  A smoke demon (Abyss:2)
  A torpor snail (Lair:3)
  7 cane toads
  Maggie (D:6)
  A gargoyle (D:11)
  A large abomination (Abyss:2)
  Psyche (D:8)
  4 rime drakes
  10 komodo dragons
  4 trolls
  2 polar bears
  Grinder (D:5)
  Prince Ribbit (D:6)
  4 blink frogs
  7 slime creatures
  A hornet (D:9)
  6 dream sheep (Lair:3)
  2 small abominations (Abyss:2)
  6 wyverns
  42 yaks
  2 humans (D:7)
  A neqoxec (Abyss:2)
  2 basilisks
  3 steam dragons
  4 vampire mosquitoes
  3 wargs (D:9)
  Menkaure (D:7)
  Edmund (D:5)
  An acid dragon (Lair:6)
  10 water moccasins
  2 nagas (Lair:3)
  Pargi (Sewer)
  A swamp drake (Lair:6)
  An orc warrior (D:10)
  2 ice beasts
  A sky beast (D:5)
  2 black bears (D:10)
  12 wolves
  2 ogres (D:5)
  2 phantoms (D:4)
  3 centaurs
  2 kobold brigands
  5 bullfrogs
  5 scorpions
  A wyvern skeleton (D:7)
  3 killer bees (D:8)
  9 wights
  2 howler monkeys (D:8)
  2 bullfrog zombies (D:5)
  3 centaur zombies
  A centaur skeleton (D:6)
  3 orc priests
  4 hounds
  5 iguanas
  3 orc wizards
  A hound skeleton (D:5)
  A howler monkey zombie (D:8)
  8 adders
  A river rat (D:6)
  A white imp (D:6)
  An ufetubus (D:5)
  3 worms
  3 dart slugs
  18 orcs
  2 endoplasms
  7 giant cockroaches
  10 goblins
  7 hobgoblins
  2 jackals (D:1)
  19 kobolds
  3 quokkas
  10 ball pythons
  5 bats
  11 frilled lizards
  10 rats
  A butterfly (Lair:2)
355 creatures vanquished.

Vanquished Creatures (collateral kills)
  A fire dragon (Lair:6)
  5 hydras
  A death knight (D:13)
  A centaur warrior (D:13)
  A swamp dragon (Lair:6)
  A phantasmal warrior (D:13)
  A wolf spider (Lair:6)
  6 black mambas (Lair:6)
  A guardian serpent (Lair:6)
  6 cane toads
  A rime drake (Lair:2)
  3 komodo dragons
  A hornet (Lair:6)
  3 polar bears
  9 blink frogs
  A snapping turtle (Lair:3)
  A slime creature (Lair:6)
  13 wyverns
  2 redbacks (Lair:6)
  A wraith (D:13)
  11 yaks
  3 hogs (Lair:6)
  2 acid dragons (Lair:6)
  7 water moccasins
  7 wolves
  A centaur (D:13)
  5 bullfrogs
  A jelly (Lair:6)
  5 iguanas (Lair:6)
  A fungus (Lair:6)
102 creatures vanquished.

Vanquished Creatures (others)
  An orc sorcerer (Lair:2)
  4 orc priests
  An orc warrior (D:12)
  A human (D:10)
  2 orc wizards
  3 orcs
  A bush (Lair:3)
  45 fungi
  76 plants
134 creatures vanquished.

Grand Total: 591 creatures vanquished

Notes
Turn   | Place    | Note
-------+----------+-------------------------------------------
     0 | D:1      | mcbry74 the Hill Orc Fighter began the quest for the Orb.
     0 | D:1      | Reached XP level 1. HP: 19/19 MP: 1/1
   191 | D:1      | Reached skill level 3 in Axes
   191 | D:1      | Reached XP level 2. HP: 27/27 MP: 2/2
   231 | D:1      | Found Zagokokh's Armour Shop.
   370 | D:1      | Reached XP level 3. HP: 30/33 MP: 3/3
   491 | D:1      | Found a faded altar of an unknown god.
   906 | D:2      | Found a shimmering altar of Xom.
  1317 | D:2      | Reached XP level 4. HP: 38/40 MP: 4/4
  1897 | D:3      | Found a hazy altar of Hepliaklqana.
  1900 | D:3      | Reached skill level 4 in Axes
  1906 | D:3      | Reached skill level 1 in Maces & Flails
  1962 | D:3      | Became a worshipper of Beogh the Brigand
  2366 | D:3      | Reached XP level 5. HP: 43/46 MP: 5/5
  3124 | D:4      | Noticed a phantom
  3133 | D:4      | Reached skill level 1 in Invocations
  3137 | D:4      | Killed a phantom
  3138 | D:4      | Reached skill level 5 in Axes
  3138 | D:4      | Reached XP level 6. HP: 44/52 MP: 5/7
  3473 | D:4      | Reached * piety under Beogh
  3612 | D:4      | Identified the +7 spear of Ubiquitous Guilt {drain, rElec
                  | Dex+3}
  3668 | D:4      | Reached skill level 1 in Polearms
  3959 | D:5      | Entered Level 5 of the Dungeon
  3990 | D:5      | Reached skill level 6 in Axes
  3994 | D:5      | Reached XP level 7. HP: 49/59 MP: 7/9
  4203 | D:5      | Noticed Edmund
  4221 | D:5      | Killed Edmund
  4422 | D:5      | Reached XP level 8. HP: 66/66 MP: 11/11
  4468 | D:5      | Noticed Grinder
  4482 | D:5      | Paralysed by something for 7 turns
  4493 | D:5      | Paralysed by something for 5 turns
  4498 | D:5      | HP: 3/66 [something (4)]
  4499 | D:5      | Killed Grinder
  4500 | D:5      | Reached skill level 7 in Axes
  4923 | D:5      | Reached skill level 5 in Polearms
  5573 | D:6      | Reached skill level 5 in Invocations
  5624 | D:6      | Found a glowing drain.
  5639 | Sewer    | Entered a sewer
  5653 | Sewer    | Noticed Pargi
  5666 | Sewer    | Killed Pargi
  6023 | D:6      | Reached skill level 5 in Maces & Flails
  6040 | D:6      | Identified the ring "Pirovoag" {Fly rElec rF+++ rC- Str-4}
  6079 | D:6      | Noticed Prince Ribbit
  6092 | D:6      | Killed Prince Ribbit
  6093 | D:6      | Reached skill level 8 in Axes
  6093 | D:6      | Reached XP level 9. HP: 64/71 MP: 13/13
  6310 | D:6      | Noticed Maggie
  6332 | D:6      | Cast into level 2 of the Abyss (Maggie)
  6337 | Abyss:2  | Noticed a large abomination
  6358 | Abyss:2  | Killed a large abomination
  6424 | Abyss:2  | Gained mutation: You are dopey. (Int -2) [a neqoxec]
  6429 | Abyss:2  | Gained mutation: You are frail. (-10% HP) [a neqoxec]
  6430 | Abyss:2  | Reached ** piety under Beogh
  6433 | Abyss:2  | Noticed a smoke demon
  6438 | Abyss:2  | Killed a smoke demon
  6439 | Abyss:2  | Reached skill level 9 in Axes
  6443 | D:6      | Escaped the Abyss
  6448 | D:6      | Killed Maggie
  6803 | D:7      | Found an iron altar of Okawaru.
  6822 | D:7      | Reached XP level 10. HP: 53/70 MP: 15/15
  6871 | D:7      | Noticed Harold
  6890 | D:7      | Killed Harold
  6891 | D:7      | Reached skill level 10 in Axes
  7062 | D:7      | Noticed Menkaure
  7076 | D:7      | Killed Menkaure
  7148 | D:7      | Found a staircase to the Ecumenical Temple.
  8293 | D:8      | Noticed Psyche
  8353 | D:8      | Killed Psyche
  8522 | D:8      | Found Piluun's Armour Shop.
  8525 | D:8      | Bought the +0 helmet of Dawn {rC+ Dex+5} for 348 gold
                  | pieces
  8727 | D:8      | Found a snail-covered altar of Cheibriados.
  8825 | D:9      | Found an ornate altar of the Wu Jian Council.
  9022 | D:9      | Found a staircase to the Orcish Mines.
  9057 | D:9      | Reached skill level 11 in Axes
  9063 | D:9      | Paralysed by a hornet for 2 turns
  9104 | D:9      | Found a radiant altar of Vehumet.
  9192 | D:9      | Noticed a two-headed ogre
  9218 | D:9      | Killed a two-headed ogre
  9219 | D:9      | Reached skill level 10 in Invocations
  9219 | D:9      | Reached XP level 11. HP: 75/75 MP: 18/18
  9705 | D:10     | Entered Level 10 of the Dungeon
  9779 | D:10     | Reached *** piety under Beogh
  9785 | D:10     | Found a staircase to the Lair.
  9805 | D:10     | Reached skill level 1 in Evocations
  9859 | D:10     | Found a basalt altar of Yredelemnul.
  9942 | D:10     | Found a hide-covered altar of Uskayaw.
 10011 | D:10     | Identified a scroll of acquirement
 10011 | D:10     | Acquired the ring of Itreifil {Fly rC+ rN++ MP-9 Str+8}
 10178 | D:10     | Found an ancient bone altar of Kikubaaqudgha.
 10515 | D:10     | Found a blossoming altar of Fedhas.
 10625 | D:10     | Found Ocweon Diow's Weapon Shop.
 10938 | Lair:1   | Entered Level 1 of the Lair of Beasts
 11064 | Lair:1   | Reached skill level 5 in Armour
 11088 | Lair:1   | Reached skill level 5 in Shields
 11240 | Lair:1   | Noticed a seven-headed hydra
 11246 | Lair:1   | Killed a seven-headed hydra
 11247 | Lair:1   | Reached skill level 12 in Axes
 11356 | Lair:1   | Reached skill level 10 in Polearms
 11386 | Lair:1   | Reached XP level 12. HP: 71/81 MP: 11/20
 12035 | Lair:1   | Reached **** piety under Beogh
 13698 | D:11     | Reached skill level 10 in Maces & Flails
 13815 | D:12     | Noticed a two-headed ogre
 13823 | D:12     | Killed a two-headed ogre
 13863 | D:12     | Found Qetupeetwi's Antique Weapon Boutique.
 13998 | D:12     | Gained Arbolt as an ally
 14410 | D:12     | Your ally Arbolt died
 14413 | D:12     | HP: 4/81 [skeletal warrior[a skeletal warrior] (11)]
 14501 | D:12     | Reached skill level 13 in Axes
 14628 | D:12     | Noticed a boulder beetle
 14807 | D:12     | Killed a boulder beetle
 14808 | D:12     | Reached XP level 13. HP: 86/86 MP: 11/22
 14873 | D:12     | Reached skill level 5 in Evocations
 15656 | Lair:3   | Found a staircase to the Snake Pit.
 16511 | Lair:3   | Found a staircase to the Shoals.
 16737 | Lair:4   | HP: 3/86 [komodo dragon (17)]
 16846 | Lair:4   | Identified the +1 robe of Supple Strength {Stlth+}
 16996 | Lair:4   | Identified the +8 whip of the Thirsty Queens {flame, Will+
                  | Int+3}
 18255 | Lair:5   | Gained Ognian as an ally
 18320 | Lair:5   | Reached skill level 14 in Axes
 19140 | Lair:1   | Acquired a +1 executioner's axe of holy wrath
 19262 | Lair:6   | Entered Level 6 of the Lair of Beasts
 19270 | Lair:6   | Reached XP level 14. HP: 93/93 MP: 14/23
 19358 | Lair:6   | Reached skill level 1 in Throwing
 19365 | Lair:6   | Reached ***** piety under Beogh
 19850 | Lair:6   | Noticed Kirke
 19860 | Lair:6   | Killed Kirke
 20569 | Lair:6   | Found a staircase to the Slime Pits.
 20626 | Lair:6   | Reached skill level 15 in Axes
 21109 | Lair:6   | Reached skill level 10 in Armour
 21590 | D:13     | Mangled by a skeletal warrior

Illustrated notes

Levels and vault maps discovered:
D:1:      minmay_arrival_up_and_down, layout_basic,
          dilly_ecumenical_altar_fadedgnrine, serial_shops, shop,
          minmay_ruptured
D:2:      layout_basic, basic_altar
D:3:      minmay_razor_zed, layout_basic, mainiacjoe_overflow_alcove_1,
          hangedman_glass_teeth, minmay_pentomino_pile
D:4:      layout_loops_ring, hangedman_decor_opposing
D:5:      nicolae_cairo_tiling_very_big, layout_basic, hangedman_decor_points,
          corner_web_ring, uniq_grinder, uniq_edmund
D:6:      layout_basic, gup_sewer_entry_bubbles, dk_noncrumbling_4,
          chequers_serial_rivers_micro_c, uniq_maggie, uniq_prince_ribbit1
D:7:      layout_layer_cave, okawaru_humans, minmay_temple_entry_large_hall,
          uniq_menkaure, uniq_harold
D:8:      layout_layer_cave, slow_altar_2, serial_shops,
          nicolae_shop_behind_doors, uniq_psyche
D:9:      layout_loops_ring, mainiacjoe_overflow_small_starburst,
          overflow_temple_1_default, minmay_orc_entry_guard_dogs
D:10:     layout_layer_cave, lemuel_crystal_altar, mainiacjoe_overflow_brackets,
          tgw_kikubaaqudgha, mainiacjoe_overflow_surrounded_room,
          grunt_lair_entry_orc_guard_hut, serial_shops,
          nicolae_shop_statue_plus, minmay_holes
D:11:     layout_loops_ring
D:12:     layout_loops_ring, serial_shops, kennysheep_little_box
D:13:     layout_loops_cross
Lair:1:   layout_cave_pods
Lair:2:   layout_loops_ring, lemuel_fruit_fields
Lair:3:   layout_cave_pods, minmay_shoals_entry_hut, guppyfry_snake_entry_garden
Lair:4:   layout_regular_city, hangedman_lair_unloving_vines,
          beast_lair_carwin_9
Lair:5:   layout_regular_city, grunt_megastairs_5
Lair:6:   hangedman_lair_tendril_chambers, layout_big_grid,
          guppyfry_lair_end_dragon, minmay_slime_entry_pillars, uniq_kirke

Skill      XL: |  1  2  3  4  5  6  7  8  9 10 11 12 13 14 |
---------------+-------------------------------------------+-----
Axes           | 3 4 5 6 8 9 11 12 13 14 15 | 15.4
Fighting       | 4 |  4.0
Armour         | 4 5 7 8 10 | 10.1
Shields        | 4 5 7 8 |  8.8
Maces & Flails | 1 2 3 5 6 8 9 10 11 | 11.3
Invocations    | 2 3 4 6 7 10 11 12 13 | 13.2
Polearms       | 2 4 6 7 9 10 | 10.8
Evocations     | 3 4 6 8 |  8.2
Throwing       | 4 |  4.2

Action                   |  1- 3 |  4- 6 |  7- 9 | 10-12 | 13-15 || total
-------------------------+-------+-------+-------+-------+-------++-------
Melee: War axe           |   108 |   113 |       |     8 |       ||   229
       Spear             |       |    29 |   138 |   598 |   664 ||  1429
       Flail             |       |       |    73 |    87 |     7 ||   167
       Unarmed           |       |       |       |     1 |       ||     1
Throw: Dart              |       |    10 |     4 |    54 |       ||    68
       Boomerang         |       |       |       |    10 |     4 ||    14
Invok: Convert to Beogh  |       |     1 |       |       |       ||     1
       Smiting           |       |       |       |     2 |     2 ||     4
       Recall Orcish Fol |       |       |       |     3 |     6 ||     9
       Give Item to Name |       |       |       |       |     1 ||     1
       Stop Recall       |       |       |       |       |     1 ||     1
Evoke: Wand              |       |       |       |     2 |       ||     2
  Use: Scroll            |       |       |     9 |    11 |     8 ||    28
       Potion            |       |       |       |     2 |     4 ||     6
 Stab: Sleeping          |       |       |       |     3 |     1 ||     4
       Confused          |       |       |       |     5 |     1 ||     6
       Distracted        |       |       |       |     1 |     6 ||     7
       Paralysed         |       |       |       |     2 |       ||     2
Armor: Scale mail        |    44 |    31 |       |       |       ||    75
       Chain mail        |       |    33 |    71 |       |       ||   104
       Steam dragon scal |       |       |    12 |    66 |       ||    78
       Skin              |       |       |       |     8 |       ||     8
       Leather armour    |       |       |       |    62 |   134 ||   196
       Swamp dragon scal |       |       |       |       |    10 ||    10
Dodge: Dodged            |    58 |    44 |    65 |   172 |   167 ||   506
Block: Buckler           |    26 |    29 |    37 |    96 |   116 ||   304

Table legend: (Time is in decaauts)
 A = Elapsed time spent in this place.
 B = Non-inter-level travel time spent in this place.
 C = Inter-level travel time spent in this place.
 D = Time resting spent in this place.
 E = Time spent auto-exploring this place.
 F = Levels seen in this place.
 G = Mean time per level.
                   A        B        C        D        E       F      G
               +--------+--------+--------+--------+--------+-----+--------+
         Total |  21037 |  20044 |    993 |   3172 |  11243 |  21 | 1001.8 |
       Dungeon |  13041 |  12554 |    487 |   1663 |   7765 |  13 | 1003.2 |
          Lair |   7746 |   7240 |    506 |   1494 |   3383 |   6 | 1291.0 |
         Abyss |    110 |    110 |      0 |     15 |      0 |   1 |  110.0 |
         Sewer |    138 |    138 |      0 |      0 |     95 |   1 |  138.0 |
               +--------+--------+--------+--------+--------+-----+--------+

Top non-repeatable levels by time:
  Lair:6: 1837 daAuts
     D:5: 1560 daAuts
    D:12: 1400 daAuts
  Lair:3: 1394 daAuts
  Lair:4: 1355 daAuts
     D:3: 1337 daAuts
  Lair:1: 1328 daAuts
     D:7: 1313 daAuts
    D:10: 1265 daAuts
  Lair:5: 1044 daAuts
     D:2: 1000 daAuts
     D:6: 928 daAuts
     D:1: 887 daAuts
     D:9: 871 daAuts
    D:11: 856 daAuts
